 Dungeon Crawl Stone Soup version 0.22-a0-458-gb446440 (console) character file.

98 vegansnacktivist the Covered (level 4, -3/42 HPs)
             Began as a Deep Dwarf Fighter on June 8, 2018.
             Slain by an ogre
             ... wielding a +0 giant club
              (13 damage)
             ... on level 3 of the Dungeon.
             The game lasted 00:01:47 (1601 turns).

vegansnacktivist the Covered (Deep Dwarf Fighter)   Turns: 1601, Time: 00:01:47

Health: -3/42      AC:  8    Str: 20    XL:     4   Next: 44%
Magic:  4/4        EV:  7    Int:  9    God:
Gold:   131        SH:  9    Dex: 12    Spells: 3/3 levels left

rFire    . . .     SeeInvis .   a - +0 war axe
rCold    . . .     Gourm    .   c - +0 shield
rNeg     . . .     Faith    .   b - +0 scale mail
rPois    .         Spirit   .   (no helmet)
rElec    .         Reflect  .   (no cloak)
rCorr    .         Harm     .   (no gloves)
MR       .....                  g - +0 pair of boots
Stlth    ..........             (no amulet)
HPRegen  0.00/turn              (no ring)
MPRegen  0.09/turn              (no ring)

@: non-regenerating
A: damage resistance, heal wounds, sense surroundings 1, no regeneration
a: Heal Wounds


You were on level 3 of the Dungeon.
You were hungry.

You visited 1 branch of the dungeon, and saw 3 of its levels.

You collected 131 gold pieces.

Inventory:

Hand Weapons
 a - a +0 war axe (weapon)
Armour
 b - a +0 scale mail (worn)
 c - a +0 shield (worn)
 g - a +0 pair of boots (worn)
Scrolls
 e - 2 scrolls of identify
 h - a scroll of magic mapping
 l - a scroll of teleportation {unknown}
 m - a scroll of noise {unknown}
 n - a scroll of immolation {unknown}
Potions
 d - a potion of might
 i - a potion of ambrosia
 j - a potion of mutation {unknown}
 k - a potion of cancellation {unknown}
Comestibles
 f - 5 rations


   Skills:
 + Level 3.2 Fighting
 * Level 3.6 Axes
 + Level 3.9 Armour
 + Level 3.9 Shields


You had 3 spell levels left.
You didn't know any spells.
Your spell library was empty.

Dungeon Overview and Level Annotations

Branches:
Dungeon (3/15)

Altars:


Innate Abilities, Weirdness & Mutations

You are resistant to damage.
You can heal yourself by infusing magical energy.
You passively map a small area around you.
You do not regenerate.


Message History

Unknown command.
You hit the goblin.
You kill the goblin!
You hit the goblin.
You kill the goblin!
The ogre hits you with a giant club!
Unknown command.
You hit the ogre.
The ogre is lightly wounded.
The ogre hits you with a giant club!
You are too injured to fight recklessly!
You are too injured to fight recklessly!
You hit the ogre.
The ogre is moderately wounded.
The ogre hits you with a giant club!
* * * LOW HITPOINT WARNING * * *
Your shield prevents you from hitting the ogre.
The ogre is moderately wounded.
The ogre hits you with a giant club!
You die...

,,,#.####.###.#.##.
,+..........#.##.
*, #.####>###.#. #.
* #.............
#.####.###.#.. ####
#.# #.# *
#..%###'## #.# *
#...O)...# #.# *,
#@...# ### **
#....# * *
#....#######+
#............ *
###'#........
#.#........ ,
#.#........
#.########+ #.#


You could see an ogre.

Vanquished Creatures
  3 adders
  An ooze (D:1)
  2 worms (D:2)
  A dart slug (D:1)
  2 leopard geckos
  4 orcs (D:2)
  14 goblins
  3 hobgoblins
  11 bats
  5 frilled lizards
  4 kobolds
  5 rats (D:1)
55 creatures vanquished.

Notes
Turn   | Place    | Note
-------+----------+-------------------------------------------
     0 | D:1      | vegansnacktivist the Deep Dwarf Fighter began the quest for the Orb.
     0 | D:1      | Reached XP level 1. HP: 20/20 MP: 1/1
   281 | D:1      | Reached XP level 2. HP: 24/27 MP: 2/2
  1086 | D:1      | Reached XP level 3. HP: 22/33 MP: 3/3
  1436 | D:2      | Reached XP level 4. HP: 25/42 MP: 4/4
  1588 | D:3      | Noticed an ogre
  1601 | D:3      | Slain by an ogre

Vault maps used:
D:1:      roderic_octagonal_star
D:3:      minmay_ogre_servants

Skill      XL: |  1  2  3 |
---------------+----------+-----
Axes           | 3 |  3.6
Fighting       | 3 |  3.2
Armour         | |  3.9
Shields        | |  3.9

Action                   |  1- 3 |  4- 6 || total
-------------------------+-------+-------++-------
Melee: War axe           |   147 |    26 ||   173
 Abil: Heal Wounds       |     1 |     1 ||     2
  Use: Scroll            |     3 |       ||     3
  Eat: Chunk             |     2 |       ||     2
Armor: Scale mail        |    92 |    13 ||   105
Dodge: Dodged            |    57 |     5 ||    62
Block: Shield            |    87 |    14 ||   101

Table legend:
 A = Spawn XP
 B = Non-spawn XP
 C = Spawn XP percentage of total XP
 D = Spawn monster count
 E = Non-spawn monster count
 F = Spawn count percentage of total count
 G = Total turns spent on level
                    A         B        C        D         E        F      G
               +---------+---------+-------+---------+---------+-------+---------
         Total |       0 |     141 |   0.0 |       0 |      55 |   0.0 |  1601
               +---------+---------+-------+---------+---------+-------+---------
           D:1 |       0 |      42 |   0.0 |       0 |      24 |   0.0 |  1185
           D:2 |       0 |      62 |   0.0 |       0 |      17 |   0.0 |   333
           D:3 |       0 |      37 |   0.0 |       0 |      14 |   0.0 |    83
               +---------+---------+-------+---------+---------+-------+---------
